| TOP OF THE 1ST |
|
El Paso Chihuahuas batting - Pitching for Iowa Cubs : RHP Willie Ramos
|
|
Pitching: RHP Willie Ramos
|
|
|
Batting: SHB Steve Killion
|
0-0: Called Strike 0-1: Ball 1-1: Called Strike 1-2: Foul Ball, location: 2F 1-2: Fly out, F5 (Popup, 5D, EV 58.1 MPH)
|
|
Batting: RHB Rudolf Gommers
|
0-0: Ball 1-0: Fly out, F8 (Flyball, 78M, EV 90.0 MPH)
|
|
Batting: RHB Jose Morrissey
|
0-0: Swinging Strike 0-1: Ball 1-1: Swinging Strike 1-2: Ball 2-2: Ball 3-2: Base on Balls
|
|
Batting: LHB Ben Antal
|
0-0: Ball 1-0: Swinging Strike 1-1: Called Strike Jose Morrissey steals 2nd base 1-2: Reached on error, E4 (Groundball, 34, EV 79.4 MPH) Jose Morrissey to third
|
|
Batting: RHB Itsuo Yoshioka
|
0-0: Ball 1-0: Ball 2-0: Fly out, F9 (Flyball, 9D, EV 104.4 MPH)
|
| Top of the 1st over - 0 runs, 0 hits, 1 error, 2 left on base; El Paso 0 - Iowa 0 |
| BOTTOM OF THE 1ST |
|
Iowa Cubs batting - Pitching for El Paso Chihuahuas : RHP Hector Bojorquez
|
|
Pitching: RHP Hector Bojorquez
|
|
|
Batting: LHB Barend van der Kamp
|
0-0: Ball 1-0: Ball 2-0: Called Strike 2-1: Foul Ball, location: 2F 2-2: Foul Ball, location: 2F 2-2: Foul Ball, location: 2F 2-2: Ball 3-2: Foul Ball, location: 2F 3-2: Strikes out swinging
|
|
Batting: LHB Paul Perry
|
0-0: Ground out U3 (Groundball, 34, EV 82.5 MPH)
|
|
Batting: SHB Seung-ho Zhang
|
0-0: Fly out, F6 (Popup, 6MS, EV 66.3 MPH)
|
| Bottom of the 1st over - 0 runs, 0 hits, 0 errors, 0 left on base; El Paso 0 - Iowa 0 |
| TOP OF THE 2ND |
|
El Paso Chihuahuas batting - Pitching for Iowa Cubs : RHP Willie Ramos
|
|
Batting: SHB Gregg Whitecotton
|
0-0: Foul Ball, location: 2F 0-1: Foul Ball, location: 2F 0-2: Ground out U3 (Groundball, 3, EV 90.0 MPH)
|
|
Batting: RHB Matthew Starr
|
0-0: Ball 1-0: Swinging Strike 1-1: Swinging Strike 1-2: Ball 2-2: Ball 3-2: Base on Balls
|
|
Batting: LHB Luis Cruz
|
0-0: Ball 1-0: Ball 2-0: Foul Ball, location: 2F 2-1: Ball 3-1: Fielders Choice at 2nd, 6-4 (Groundball, 56, EV 101.3 MPH)
|
|
Batting: RHB Oscar Fausto
|
0-0: Ball 1-0: Swinging Strike 1-1: Fly out, F7 (Line Drive, 7, EV 100.0 MPH)
|
| Top of the 2nd over - 0 runs, 0 hits, 0 errors, 1 left on base; El Paso 0 - Iowa 0 |
| BOTTOM OF THE 2ND |
|
Iowa Cubs batting - Pitching for El Paso Chihuahuas : RHP Hector Bojorquez
|
|
Batting: RHB Butch Koglin
|
0-0: Ball 1-0: Foul Ball, location: 2F 1-1: Ball 2-1: Ball 3-1: Base on Balls
|
|
Batting: SHB Nick Chandler
|
0-0: Grounds into double play, 5-4-3 (Groundball, 56, EV 85.6 MPH)
|
|
Batting: SHB Gerardo Flores
|
0-0: Ball 1-0: Ball 2-0: Ball 3-0: Base on Balls
|
|
Batting: RHB Pat Barton
|
0-0: Ball 1-0: Ball 2-0: Fly out, F9 (Flyball, 9S, EV 94.4 MPH)
|
| Bottom of the 2nd over - 0 runs, 0 hits, 0 errors, 1 left on base; El Paso 0 - Iowa 0 |
| TOP OF THE 3RD |
|
El Paso Chihuahuas batting - Pitching for Iowa Cubs : RHP Willie Ramos
|
|
Batting: SHB Steve Killion
|
0-0: Foul Ball, location: 2F 0-1: Called Strike 0-2: Ball 1-2: Strikes out looking
|
|
Batting: RHB Rudolf Gommers
|
0-0: Ball 1-0: SINGLE (Groundball, 56D, EV 95.0 MPH)
|
|
Batting: RHB Jose Morrissey
|
0-0: Ball 1-0: Ball 2-0: Ball 3-0: Called Strike 3-1: Called Strike 3-2: Foul Ball, location: 2F 3-2: Foul Ball, location: 2F 3-2: Foul Ball, location: 2F 3-2: Fly out, F8 (Line Drive, 8LD, EV 98.8 MPH)
|
|
Batting: LHB Ben Antal
|
0-0: Called Strike 0-1: Ground out 4-3 (Groundball, 34, EV 102.5 MPH)
|
| Top of the 3rd over - 0 runs, 1 hit, 0 errors, 1 left on base; El Paso 0 - Iowa 0 |
| BOTTOM OF THE 3RD |
|
Iowa Cubs batting - Pitching for El Paso Chihuahuas : RHP Hector Bojorquez
|
|
Batting: LHB Rich Atterberry
|
0-0: Foul Ball, location: 2F 0-1: Foul Ball, location: 2F 0-2: Ball 1-2: Ball 2-2: Ground out 5-3 (Groundball, 56S, EV 78.8 MPH)
|
|
Batting: LHB Jose Mojica
|
0-0: SINGLE (Groundball, 6MS, EV 71.9 MPH) (infield hit)
|
|
Batting: LHB Barend van der Kamp
|
0-0: Foul Ball, location: 2F 0-1: Ball 1-1: Ball 2-1: Ball 3-1: SINGLE (Groundball, 5S, EV 71.3 MPH) (infield hit) Jose Mojica to second
|
|
Batting: LHB Paul Perry
|
0-0: Called Strike 0-1: Ball 1-1: Swinging Strike 1-2: SINGLE (Groundball, 34D, EV 98.8 MPH) Jose Mojica to third Barend van der Kamp to second
|
|
Batting: SHB Seung-ho Zhang
|
0-0: Ball 1-0: Ball 2-0: DOUBLE (Flyball, 8LXD, EV 106.3 MPH) Jose Mojica scores Barend van der Kamp scores Paul Perry to third
|
|
Batting: RHB Butch Koglin
|
0-0: Called Strike 0-1: Ball 1-1: Foul Ball, location: 2F 1-2: Ball 2-2: SINGLE (Line Drive, 8LS, EV 98.1 MPH) Paul Perry scores Seung-ho Zhang to third Runner from 3rd tries for Home, throw by CF and OUT! 8-2
|
|
Batting: SHB Nick Chandler
|
0-0: Called Strike 0-1: Ball 1-1: Called Strike 1-2: Ball 2-2: Foul Ball, location: 2F 2-2: Foul Ball, location: 2F 2-2: Foul Ball, location: 2F 2-2: SINGLE (Flyball, 78S, EV 87.5 MPH) Butch Koglin to second
|
|
Batting: SHB Gerardo Flores
|
0-0: Ball 1-0: SINGLE (Groundball, 4, EV 93.8 MPH) Butch Koglin to third Nick Chandler to second Runner from 3rd tries for Home, SAFE, throw by RF to home
|
|
Batting: RHB Pat Barton
|
0-0: Foul Ball, location: 2F 0-1: Foul Ball, location: 2F 0-2: Foul Ball, location: 2F 0-2: Fly out, F8 (Line Drive, 8LM, EV 100.0 MPH)
|
| Bottom of the 3rd over - 4 runs, 7 hits, 0 errors, 2 left on base; El Paso 0 - Iowa 4 |
| TOP OF THE 4TH |
|
El Paso Chihuahuas batting - Pitching for Iowa Cubs : RHP Willie Ramos
|
|
Batting: RHB Itsuo Yoshioka
|
0-0: Ball 1-0: Ball 2-0: Ball 3-0: Base on Balls
|
|
Batting: SHB Gregg Whitecotton
|
0-0: Ball 1-0: Ball 2-0: Ball 3-0: DOUBLE (Line Drive, 9LM, EV 100.6 MPH) Itsuo Yoshioka to third
|
|
Batting: RHB Matthew Starr
|
0-0: Ball 1-0: Ball 2-0: Swinging Strike 2-1: Ball 3-1: Swinging Strike 3-2: Foul Ball, location: 2F 3-2: Strikes out looking
|
|
Batting: LHB Luis Cruz
|
0-0: Ball 1-0: Ball 2-0: Foul Ball, location: 2F 2-1: SINGLE (Line Drive, 8LS, EV 92.5 MPH) Itsuo Yoshioka scores Gregg Whitecotton to third
|
|
Batting: RHB Oscar Fausto
|
0-0: Called Strike 0-1: Called Strike 0-2: Ground out 5-3 (Groundball, 56S, EV 68.1 MPH) Gregg Whitecotton scores Luis Cruz to second
|
|
Batting: SHB Steve Killion
|
0-0: Called Strike 0-1: Foul Ball, location: 2F 0-2: Ball 1-2: Strikes out swinging
|
| Top of the 4th over - 2 runs, 2 hits, 0 errors, 1 left on base; El Paso 2 - Iowa 4 |
| BOTTOM OF THE 4TH |
|
Iowa Cubs batting - Pitching for El Paso Chihuahuas : RHP Hector Bojorquez
|
|
Batting: LHB Rich Atterberry
|
0-0: Called Strike 0-1: Ball 1-1: Ball 2-1: Ground out 4-3 (Groundball, 13, EV 93.8 MPH)
|
|
Batting: LHB Jose Mojica
|
0-0: Called Strike 0-1: Ball 1-1: Swinging Strike 1-2: Ground out 6-3 (Groundball, 6, EV 111.3 MPH)
|
|
Batting: LHB Barend van der Kamp
|
0-0: Ground out U3 (Groundball, 3L, EV 98.8 MPH)
|
| Bottom of the 4th over - 0 runs, 0 hits, 0 errors, 0 left on base; El Paso 2 - Iowa 4 |
| TOP OF THE 5TH |
|
El Paso Chihuahuas batting - Pitching for Iowa Cubs : RHP Willie Ramos
|
|
Batting: RHB Rudolf Gommers
|
0-0: Called Strike 0-1: Ball 1-1: Foul Ball, location: 2F 1-2: Ball 2-2: Strikes out swinging
|
|
Batting: RHB Jose Morrissey
|
0-0: Foul Ball, location: 2F 0-1: Ball 1-1: Swinging Strike 1-2: Strikes out swinging
|
|
Batting: LHB Ben Antal
|
0-0: Called Strike 0-1: Ball 1-1: Called Strike 1-2: Fly out, F9 (Flyball, 89S, EV 91.3 MPH)
|
| Top of the 5th over - 0 runs, 0 hits, 0 errors, 0 left on base; El Paso 2 - Iowa 4 |
| BOTTOM OF THE 5TH |
|
Iowa Cubs batting - Pitching for El Paso Chihuahuas : RHP Hector Bojorquez
|
|
Batting: LHB Paul Perry
|
0-0: Ball 1-0: Ball 2-0: Foul Ball, location: 2F 2-1: Fly out, F8 (Flyball, 8LM, EV 85.0 MPH)
|
|
Batting: SHB Seung-ho Zhang
|
0-0: Ball 1-0: Swinging Strike 1-1: Called Strike 1-2: Reached on error, E4 (Groundball, 4, EV 89.4 MPH)
|
|
Batting: RHB Butch Koglin
|
0-0: Ball 1-0: Ball 2-0: Ball 3-0: Called Strike 3-1: Called Strike 3-2: Foul Ball, location: 2F 3-2: Base on Balls Seung-ho Zhang to second
|
|
Batting: SHB Nick Chandler
|
0-0: Fly out, F9 (Flyball, 9LS, EV 89.4 MPH)
|
|
Batting: SHB Gerardo Flores
|
0-0: Called Strike 0-1: Ball 1-1: SINGLE (Groundball, 4MD, EV 107.5 MPH) Seung-ho Zhang to third Butch Koglin to second Runner from 3rd tries for Home, SAFE, throw by CF to home
|
|
Pitching: RHP Warren Swan
|
|
|
Batting: RHB Pat Barton
|
0-0: Ball 1-0: Ball 2-0: Called Strike 2-1: Ball 3-1: Base on Balls Butch Koglin to third Gerardo Flores to second
|
|
Batting: LHB Rich Atterberry
|
0-0: Ball 1-0: Swinging Strike 1-1: Foul Ball, location: 2F 1-2: GRAND SLAM HOME RUN (Flyball, 9LD, EV 97.5 MPH), Distance : 345 ft
|
|
Batting: LHB Jose Mojica
|
0-0: Called Strike 0-1: Ball 1-1: Called Strike 1-2: Strikes out swinging
|
| Bottom of the 5th over - 5 runs, 2 hits, 1 error, 0 left on base; El Paso 2 - Iowa 9 |
| TOP OF THE 6TH |
|
El Paso Chihuahuas batting - Pitching for Iowa Cubs : RHP Willie Ramos
|
|
Pitching: RHP Mike Richardson
|
|
|
Batting: RHB Itsuo Yoshioka
|
0-0: Ball 1-0: Called Strike 1-1: Ball 2-1: Foul Ball, location: 2F 2-2: Foul Ball, location: 2F 2-2: Ball 3-2: Foul Ball, location: 2F 3-2: Base on Balls
|
|
Batting: SHB Gregg Whitecotton
|
0-0: Ball 1-0: Hit by Pitch Itsuo Yoshioka to second
|
|
Batting: RHB Matthew Starr
|
0-0: Called Strike 0-1: Ball 1-1: Ball 2-1: Ball 3-1: Base on Balls Itsuo Yoshioka to third Gregg Whitecotton to second
|
|
Batting: LHB Luis Cruz
|
0-0: Grounds into double play, 4-6-3 (Groundball, 4M, EV 105.0 MPH) Itsuo Yoshioka scores Gregg Whitecotton to third
|
|
Batting: RHB Oscar Fausto
|
0-0: Called Strike 0-1: Swinging Strike 0-2: Foul Ball, location: 2F 0-2: Ball 1-2: Ball 2-2: Strikes out swinging
|
| Top of the 6th over - 1 run, 0 hits, 0 errors, 1 left on base; El Paso 3 - Iowa 9 |
| BOTTOM OF THE 6TH |
|
Iowa Cubs batting - Pitching for El Paso Chihuahuas : RHP Warren Swan
|
|
Batting: LHB Barend van der Kamp
|
0-0: Called Strike 0-1: Foul Ball, location: 2F 0-2: Ball 1-2: Ball 2-2: Ball 3-2: Base on Balls
|
|
Batting: LHB Paul Perry
|
0-0: Ball 1-0: Called Strike 1-1: Ball 2-1: Fly out, F5 (Popup, 56S, EV 78.1 MPH)
|
|
Batting: SHB Seung-ho Zhang
|
0-0: Called Strike 0-1: Foul Ball, location: 2F 0-2: Strikes out looking
|
|
Batting: RHB Butch Koglin
|
0-0: Foul Ball, location: 2F 0-1: Swinging Strike 0-2: Ground out 4-3 (Groundball, 34, EV 104.4 MPH)
|
| Bottom of the 6th over - 0 runs, 0 hits, 0 errors, 1 left on base; El Paso 3 - Iowa 9 |
| TOP OF THE 7TH |
|
El Paso Chihuahuas batting - Pitching for Iowa Cubs : RHP Mike Richardson
|
|
Batting: SHB Steve Killion
|
0-0: Ball 1-0: Foul Ball, location: 2F 1-1: Swinging Strike 1-2: Ball 2-2: Ball 3-2: Fly out, F8 (Flyball, 8LM, EV 86.3 MPH)
|
|
Batting: RHB Rudolf Gommers
|
0-0: Called Strike 0-1: Fly out, F9 (Flyball, 9LS, EV 83.1 MPH)
|
|
Batting: RHB Jose Morrissey
|
0-0: Foul Ball, location: 2F 0-1: SINGLE (Line Drive, 78M, EV 99.4 MPH)
|
|
Batting: LHB Ben Antal
|
0-0: Fly out, F8 (Line Drive, 8RD, EV 96.3 MPH)
|
| Top of the 7th over - 0 runs, 1 hit, 0 errors, 1 left on base; El Paso 3 - Iowa 9 |
| BOTTOM OF THE 7TH |
|
Iowa Cubs batting - Pitching for El Paso Chihuahuas : RHP Warren Swan
|
|
Batting: SHB Nick Chandler
|
0-0: Called Strike 0-1: Ball 1-1: Ball 2-1: Called Strike 2-2: Ball 3-2: Foul Ball, location: 2F 3-2: Strikes out looking
|
|
Batting: SHB Gerardo Flores
|
0-0: Ground out U3 (Groundball, 3L, EV 86.3 MPH)
|
|
Batting: RHB Pat Barton
|
0-0: Called Strike 0-1: Ball 1-1: Foul Ball, location: 2F 1-2: Foul Ball, location: 2F 1-2: Fly out, F7 (Line Drive, 7D, EV 103.1 MPH)
|
| Bottom of the 7th over - 0 runs, 0 hits, 0 errors, 0 left on base; El Paso 3 - Iowa 9 |
| TOP OF THE 8TH |
|
El Paso Chihuahuas batting - Pitching for Iowa Cubs : RHP Mike Richardson
|
|
Batting: RHB Itsuo Yoshioka
|
0-0: Called Strike 0-1: Swinging Strike 0-2: Ground out 5-3 (Groundball, 5, EV 82.5 MPH)
|
|
Batting: SHB Gregg Whitecotton
|
0-0: Ball 1-0: Ball 2-0: Ball 3-0: Base on Balls
|
|
Batting: RHB Matthew Starr
|
0-0: Ball 1-0: Ball 2-0: Foul Ball, location: 2F 2-1: Foul Ball, location: 2F 2-2: Ball 3-2: SINGLE (Flyball, 34D, EV 94.4 MPH) Gregg Whitecotton to second
|
|
Batting: LHB Luis Cruz
|
0-0: Ball 1-0: Fly out, F7 (Flyball, 7S, EV 81.3 MPH)
|
|
Batting: RHB Oscar Fausto
|
0-0: Ball 1-0: Called Strike 1-1: Called Strike 1-2: Strikes out swinging
|
| Top of the 8th over - 0 runs, 1 hit, 0 errors, 2 left on base; El Paso 3 - Iowa 9 |
| BOTTOM OF THE 8TH |
|
Iowa Cubs batting - Pitching for El Paso Chihuahuas : RHP Warren Swan
|
|
Batting: LHB Rich Atterberry
|
0-0: Ball 1-0: Ball 2-0: Foul Ball, location: 2F 2-1: Called Strike 2-2: Ground out 5-3 (Groundball, 6, EV 83.1 MPH)
|
|
Batting: LHB Jose Mojica
|
0-0: Called Strike 0-1: Ball 1-1: Foul Ball, location: 2F 1-2: Ball 2-2: Strikes out swinging
|
|
Batting: LHB Barend van der Kamp
|
0-0: Called Strike 0-1: Ball 1-1: Called Strike 1-2: Foul Ball, location: 2F 1-2: Ball 2-2: Ball 3-2: Strikes out looking
|
| Bottom of the 8th over - 0 runs, 0 hits, 0 errors, 0 left on base; El Paso 3 - Iowa 9 |
| TOP OF THE 9TH |
|
El Paso Chihuahuas batting - Pitching for Iowa Cubs : RHP Mike Richardson
|
|
Batting: SHB Steve Killion
|
0-0: Foul Ball, location: 2F 0-1: Ball 1-1: Called Strike 1-2: Foul Ball, location: 2F 1-2: Ball 2-2: Ball 3-2: Foul Ball, location: 2F 3-2: Foul Ball, location: 2F 3-2: Base on Balls
|
|
Pitching: RHP Andy Temples
|
|
|
Batting: RHB Rudolf Gommers
|
0-0: Foul Ball, location: 2F 0-1: Ball 1-1: Ball 2-1: Foul Ball, location: 2F 2-2: Ball 3-2: Fly out, F9 (Line Drive, 9, EV 108.1 MPH)
|
|
Batting: RHB Jose Morrissey
|
0-0: Ball 1-0: Ball 2-0: Called Strike 2-1: Ball 3-1: Swinging Strike 3-2: Fly out, F7 (Flyball, 7LM, EV 96.9 MPH)
|
|
Batting: LHB Ben Antal
|
0-0: Ball 1-0: Called Strike 1-1: Foul Ball, location: 2F 1-2: Ball 2-2: Foul Ball, location: 2F 2-2: Fly out, F9 (Flyball, 9D, EV 108.8 MPH)
|
| Top of the 9th over - 0 runs, 0 hits, 0 errors, 1 left on base; El Paso 3 - Iowa 9 |
|